 Dungeon Crawl Stone Soup version 0.25-a0-265-g7af84ae0ac (webtiles) character file.

Game seed: 15265099088955618127, levelgen mode: deterministic

95 Lanoc the Chiller (level 4, 0/24 HPs)
             Began as a Tengu Ice Elementalist on Dec 8, 2019.
             Shot with a stone by a goblin (4 damage)
             ... on level 2 of the Dungeon.
             The game lasted 00:02:29 (964 turns).

Lanoc the Chiller (Tengu Ice Elementalist)           Turns: 964, Time: 00:02:30

Health: 0/24       AC:  2    Str:  8    XL:     4   Next: 65%
Magic:  1/8        EV: 13    Int: 22    God:
Gold:   49         SH:  0    Dex: 14    Spells: 3/7 levels left

rFire    . . .     SeeInvis .   (no weapon)
rCold    . . .     Gourm    .   (no shield)
rNeg     . . .     Faith    .   a - +0 robe
rPois    .         Spirit   .   (helmet restricted)
rElec    .         Reflect  .   (no cloak)
rCorr    .         Harm     .   (no gloves)
MR       .....                  (boots unavailable)
Stlth    +++.......             b - amulet of magic regeneration
HPRegen  0.08/turn              e - ring of stealth
MPRegen  0.36/turn              (no ring)

@: brilliant
A: beak, talons 3
a: no special abilities


You were on level 2 of the Dungeon.
You were not hungry.

You visited 1 branch of the dungeon, and saw 2 of its levels.

You collected 49 gold pieces.

Inventory:

Armour
 a - a +0 robe (worn)
Jewellery
 b - an amulet of magic regeneration (around neck)
 e - a ring of stealth (left hand)
 o - a +4 amulet of reflection {unknown}
Scrolls
 d - 2 scrolls of fear {unknown}
 f - 5 scrolls of remove curse {unknown}
 l - a scroll of amnesia {unknown}
 m - a scroll of fog {unknown}
Potions
 g - a potion of magic {unknown}
 h - 2 potions of brilliance
 i - a potion of cancellation {unknown}
 k - a potion of degeneration {unknown}
 n - 2 potions of heal wounds {unknown}
Comestibles
 c - 4 rations
 j - a chunk of flesh


   Skills:
 + Level 3.4 Dodging
 - Level 2.0 Stealth
 - Level 2.0 Spellcasting
 * Level 4.9 Ice Magic


You had 3 spell levels left.
You knew the following spells:

 Your Spells              Type           Power        Failure   Level  Hunger
a - Freeze                Ice            ####         1%          1    #......
b - Ozocubu's Armour      Chrm/Ice       ####....     1%          3    ###....

Your spell library contained the following spells:

 Spells                   Type           Power        Failure   Level  Hunger
 Hailstorm                Conj/Ice       ####....     6%          4    #####..
 Summon Ice Beast         Ice/Summ       ####....     6%          4    #####..


Dungeon Overview and Level Annotations

Branches:
Dungeon (2/15)

Altars:


Innate Abilities, Weirdness & Mutations

You have a beak for a mouth.
You have claws for feet.


Message History

Confirm with . or Enter, or press ? or * to list all spells.
Aiming: Freeze (safe; 1% risk of failure)
Press: ? - help, Shift-Dir - straight line, f/p - goblin
Aim: a goblin (heavily wounded)
You freeze the goblin.
You kill the goblin!
The goblin barely misses you.
Your icy armour cracks and falls away as you move.
Items here: ! ) / [ † a +0 dagger; a cursed +0 leather armour; a wand of flame (15); 2 golden potions a goblin corpse
Casting: Freeze (safe; 1% risk of failure)
Confirm with . or Enter, or press ? or * to list all spells.
Aiming: Freeze (safe; 1% risk of failure)
Press: ? - help, Shift-Dir - straight line, f - goblin
Aim: a goblin, wielding a +0 dagger You freeze the goblin.
You kill the goblin!
The goblin shoots a stone.
The stone hits you.
You die...

#######...###...#.....g...
###.......#((.......
###### ###..g#.(.$gg.g...
......###..#.##...8.8.8.8
......##.#..##.#.#######
......#..#g###.....
####...##.#..<.#....
#.....###g#.#####.##
....#.....#.#@# !#
#####.###.#g#)# .#
##....#...#)#
##..##..#..#g##
###..........g..#
#..[.######..........
##.#.## ##.##.####.
##....#######..# ..#
.........>..).## #...


You could see 2 goblins.

Vanquished Creatures
  Ijyb (D:2)
  4 gnolls
  A dart slug (D:1)
  2 leopard geckos (D:1)
  A ball python (D:1)
  5 bats (D:1)
  3 goblins
  A hobgoblin (D:1)
  3 jackals (D:1)
  A kobold (D:1)
  A frilled lizard (D:1)
  4 rats
27 creatures vanquished.

Notes
Turn   | Place    | Note
-------+----------+-------------------------------------------
     0 | D:1      | Lanoc the Tengu Ice Elementalist began the quest for the
                  | Orb.
     0 | D:1      | Reached XP level 1. HP: 10/10 MP: 4/4
    46 | D:1      | Reached XP level 2. HP: 12/15 MP: 0/6
   210 | D:1      | Reached skill level 4 in Ice Magic
   425 | D:1      | Reached XP level 3. HP: 19/19 MP: 5/7
   631 | D:1      | Learned a level 3 spell: Ozocubu's Armour
   860 | D:2      | Reached XP level 4. HP: 13/24 MP: 1/8
   934 | D:2      | Noticed Ijyb
   958 | D:2      | Killed Ijyb
   964 | D:2      | Shot with a stone by a goblin

Levels and vault maps discovered:
D:1:      psy_arrival_statuary, layout_loops_ring
D:2:      kennysheep_the_goblin_king, layout_rooms, first_ration,
          minmay_crystal_room

Skill      XL: |  1  2  3 |
---------------+----------+-----
Ice Magic      | 4 |  4.9
Dodging        | 3 |  3.4
Stealth        | |  2.0
Spellcasting   | |  2.0

Action                   |  1- 3 |  4- 6 || total
-------------------------+-------+-------++-------
Melee: Unarmed           |     7 |       ||     7
       Kick              |     3 |       ||     3
       Peck              |     2 |       ||     2
 Cast: Freeze            |    41 |     9 ||    50
       Ozocubu's Armour  |       |     1 ||     1
  Use: Potion            |       |     1 ||     1
  Eat: Chunk             |       |     1 ||     1
Armor: Robe              |     6 |     4 ||    10
Dodge: Dodged            |    36 |    11 ||    47

Table legend:
 A = Non-vault XP
 B = Vault XP
 C = Vault XP percentage of total XP
 D = Non-vault monster count
 E = Vault monster count
 F = Vault count percentage of total count
                 A         B        C        D         E       F
            +---------+---------+-------+---------+---------+-------
      Total |      94 |      42 |  30.9 |      24 |       3 |  11.1
            +---------+---------+-------+---------+---------+-------
        D:1 |      67 |       0 |   0.0 |      21 |       0 |   0.0
        D:2 |      27 |      42 |  60.9 |       3 |       3 |  50.0
            +---------+---------+-------+---------+---------+-------
